 Dungeon Crawl Stone Soup version 0.27.1-34-g3ba077fa99 (webtiles) character file.

Game seed: 17301137905448461124

696 MacCMillion the Stinger (level 7, -2/40 HPs)
             Began as a Tengu Venom Mage on Jan 3, 2022.
             Was an Initiate of Qazlal.
             Slain by a centaur (6 damage)
             ... on level 5 of the Dungeon.
             The game lasted 00:23:57 (7197 turns).

MacCMillion the Stinger (Tengu Venom Mage)          Turns: 7197, Time: 00:23:58

Health: -2/40      AC:  2    Str:  8    XL:     7   Next: 64%
Magic:  9/12       EV: 14    Int: 18    God:    Qazlal [......]
Gold:   129        SH:  0    Dex: 14    Spells: 6/12 levels left

rFire    . . .     SeeInvis .   o - +0 dagger (speed)
rCold    . . .     Faith    .   (no shield)
rNeg     . . .     Spirit   .   a - +0 robe
rPois    .         Reflect  .   (helmet restricted)
rElec    .         Harm     .   (no cloak)
rCorr    .         Rampage  .   (no gloves)
Will     .....                  (boots unavailable)
Stlth    ++........             (no amulet)
HPRegen  0.13/turn              (no ring)
MPRegen  0.13/turn              (no ring)

@: flying quickly and evasively, quick
A: beak, talons 3, nimble flight
a: Renounce Religion


You were on level 5 of the Dungeon.
You worshipped Qazlal.
Qazlal was noncommittal.
You visited 2 branches of the dungeon, and saw 6 of its levels.

You collected 129 gold pieces.

Inventory:

Hand Weapons
 o - a +0 dagger of speed (weapon)
Missiles
 s - 2 throwing nets
Armour
 a - a +0 robe (worn)
 u - +0 pearl dragon scales
Wands
 n - a wand of digging (3)
 t - a wand of polymorph (5)
Scrolls
 b - a scroll of blinking {unknown}
 c - a scroll of fog {unknown}
 d - a scroll of enchant weapon {unknown}
 h - a scroll of enchant armour {unknown}
 i - 2 scrolls of immolation {unknown}
 j - 6 scrolls of identify {unknown}
 k - 3 scrolls of teleportation {unknown}
 l - a scroll of fear {unknown}
 q - a scroll of amnesia {unknown}
 r - a scroll of vulnerability {unknown}
Potions
 e - a potion of haste {unknown}
 f - a potion of flight
 g - a potion of attraction {unknown}
 m - a potion of degeneration {unknown}
 p - a potion of ambrosia {unknown}


   Skills:
 + Level 2.7 Fighting
 - Level 2.1 Dodging
 - Level 2.0 Stealth
 - Level 3.0 Spellcasting
 + Level 3.6 Conjurations
 - Level 1.0 Transmutations
 - Level 5.0 Air Magic
 + Level 5.7 Poison Magic


You had 6 spell levels left.
You knew the following spells:

 Your Spells              Type           Power      Damage    Failure   Level
a - Sting                 Tmut/Pois      56%        1d5       4%          1
b - Poisonous Vapours     Pois/Air       44%        N/A       2%          2
c - Mephitic Cloud        Conj/Pois/Air  20%        N/A       7%          3

Your spell library contained the following spells:

 Spells                   Type           Power      Damage    Failure   Level
 Animate Skeleton         Necr           4%         N/A       16%         1
 Apportation              Tloc           4%         N/A       16%         1
 Corona                   Hex            2%         N/A       16%         1
 Summon Small Mammal      Summ           8%         N/A       16%         1
 Olgreb's Toxic Radiance  Pois           23%        N/A       16%         4
 Animate Dead             Necr           1%         N/A       85%         4
 Haunt                    Necr/Summ      1%         N/A       100%        7
 Infestation              Necr           1%         N/A       100%        8


Dungeon Overview and Level Annotations

Branches:
Dungeon (5/15)             Temple (1/1) D:4

Altars:
Ashenzari
Cheibriados
Dithmenos
Elyvilon
Fedhas
Gozag
Hepliaklqana
Kikubaaqudgha
Nemelex Xobeh
Okawaru
Qazlal
Ru
Wu Jian
Xom
Yredelemnul
The Shining One

Annotations:
D:2 Sigmund
D:4 1 runed translucent door, Crazy Yiuf
D:5 Grinder


Innate Abilities, Weirdness & Mutations

You have a beak for a mouth.
You have claws for feet.
Your magical nature lets you fly swiftly and evasively.


Message History

Press: ? - help, Q - select action, (/) - cycle Shift-Dir - straight line, f/p - centaur
Aim: a centaur, quivering arrows (moderately wounded, very poisoned, 83% to hit)
The sting hits the centaur.
The centaur looks even sicker.
The centaur is heavily wounded.
The centaur hits you.
* * * LOW HITPOINT WARNING * * *
The centaur kicks you but does no damage.
Unknown command.
Unknown command.
Aiming: Sting (safe; 4% risk of failure)
Press: ? - help, Q - select action, (/) - cycle Shift-Dir - straight line, f/p - centaur
Aim: a centaur, quivering arrows (heavily wounded, very poisoned, 83% to hit)
The sting hits the centaur but does no damage.
The centaur looks as sick as possible!
The centaur is heavily wounded.
The centaur barely misses you. The centaur kicks you.
* * * LOW HITPOINT WARNING * * *
The centaur misses you. The centaur completely misses you.
Unknown command.
Unknown command.
The centaur wields a +0 shortbow.
The centaur shoots an arrow.
The arrow misses you.
The centaur unwields a +0 shortbow.
The centaur hits you.
* * * LOW HITPOINT WARNING * * *
The centaur misses you.
Unknown command.
You hit the centaur but do no damage. You claw the centaur.
You peck the centaur.
The centaur is almost dead.
The centaur barely misses you. The centaur kicks you.
* * * LOW HITPOINT WARNING * * *
Unknown command.
Aiming: Sting (safe; 4% risk of failure)
Press: ? - help, Q - select action, (/) - cycle Shift-Dir - straight line, f/p - centaur
Aim: a centaur, quivering arrows (almost dead, extremely poisoned, 83% to hit)
Okay, then.
It was a potion of flight.
You feel more buoyant. The centaur hits you.
You die...

#...... #.... .# .
..## .### >. ..# ..#
###. ####.# #.# ##...
# ..##.# #<####..# ..
#..#.# #...##.# #.#
.....#######.#..##...#
####............@c.#
#...!.......(####
#.###........... #.#
#.##..........
...........####..#..
###....##### #....
#...# #... #.#. .#.
#.#.


You could see a centaur (very poisoned).

Vanquished Creatures
  An ogre (D:5)
  2 water moccasin skeletons
  A centaur zombie (D:5)
  An orc priest (D:3)
  A hound (D:5)
  Jessica (D:3)
  Ijyb (D:3)
  Natasha (thrice) (D:2)
  An orc wizard (D:3)
  2 iguanas
  A hound skeleton (D:4)
  Robin (D:2)
  3 gnolls (D:4)
  6 adders
  A worm (D:4)
  3 dart slugs
  8 orcs
  3 ball pythons
  3 bats
  7 endoplasms
  2 giant cockroaches
  18 goblins
  18 hobgoblins
  4 jackals (D:1)
  7 kobolds
  6 quokkas
  3 rats
108 creatures vanquished.

Notes
Turn   | Place    | Note
-------+----------+-------------------------------------------
     0 | D:1      | MacCMillion the Tengu Venom Mage began the quest for the
                  | Orb.
     0 | D:1      | Reached XP level 1. HP: 10/10 MP: 4/4
   119 | D:1      | Reached skill level 1 in Transmutations
   169 | D:1      | Reached XP level 2. HP: 15/15 MP: 4/6
   527 | D:1      | Learned a level 2 spell: Poisonous Vapours
   786 | D:1      | Reached XP level 3. HP: 19/19 MP: 4/7
  1084 | D:2      | Reached skill level 1 in Air Magic
  1368 | D:2      | Found a faded altar of an unknown god.
  1537 | D:2      | Noticed Sigmund
  1634 | D:2      | Reached XP level 4. HP: 24/24 MP: 3/9
  1759 | D:2      | Noticed Natasha
  2262 | D:2      | Noticed Robin
  2596 | D:2      | Killed Robin
  2758 | D:2      | Killed Natasha
  2759 | D:2      | Gained mutation: Your magical nature lets you fly swiftly
                  | and evasively. [Tengu growth]
  2759 | D:2      | Reached XP level 5. HP: 18/28 MP: 1/10
  2812 | D:2      | Noticed Natasha
  2820 | D:2      | Killed Natasha
  3153 | D:2      | Noticed Natasha
  3163 | D:2      | Killed Natasha
  3495 | D:3      | Learned a level 3 spell: Mephitic Cloud
  3517 | D:3      | Noticed Jessica
  3531 | D:3      | Killed Jessica
  3532 | D:3      | Reached XP level 6. HP: 33/33 MP: 7/11
  3540 | D:3      | Noticed Ijyb
  3819 | D:3      | Killed Ijyb
  3820 | D:3      | Reached skill level 1 in Conjurations
  3896 | D:3      | Reached skill level 5 in Poison Magic
  3990 | D:3      | Reached skill level 1 in Fighting
  4233 | D:4      | Found a staircase to the Ecumenical Temple.
  4249 | Temple   | Entered the Ecumenical Temple
  4262 | Temple   | Became a worshipper of Qazlal Stormbringer
  5246 | D:4      | Reached XP level 7. HP: 33/39 MP: 0/12
  5625 | D:4      | Found a runed translucent door.
  5626 | D:4      | Noticed Crazy Yiuf
  5868 | D:4      | Reached skill level 5 in Air Magic
  6093 | D:5      | Entered Level 5 of the Dungeon
  6285 | D:5      | Noticed Grinder
  7197 | D:5      | Slain by a centaur

Illustrated notes

Levels and vault maps discovered:
D:1:      lemuel_arrival_river_ford, layout_rooms
D:2:      layout_basic, hellmonk_ecumenical_altar_heavens_door,
          kennysheep_decorative_pillar, minmay_misc_feat_x, uniq_natasha,
          uniq_sigmund, uniq_robin
D:3:      layout_basic, serial_glass, glass_columns_a, glass_columns_a,
          minmay_goblin_outpost, uniq_jessica, uniq_ijyb
D:4:      layout_basic, minmay_temple_entry_glass, uniq_crazy_yiuf_cottage
D:5:      layout_rooms, nicolae_vehumet_altar_sigil, uniq_grinder
Temple:   regret_index_temple_sphere_string

Skill      XL: |  1  2  3  4  5  6  7 |
---------------+----------------------+-----
Transmutations | 1 |  1.0
Air Magic      | 1 3 4 5 |  5.0
Spellcasting   | 3 |  3.0
Poison Magic   | 4 5 |  5.7
Conjurations   | 2 3 |  3.6
Fighting       | 1 2 |  2.7
Dodging        | |  2.1
Stealth        | |  2.0

Action                   |  1- 3 |  4- 6 |  7- 9 || total
-------------------------+-------+-------+-------++-------
Melee: Dagger            |     7 |    15 |    50 ||    72
       Peck              |     2 |     4 |    12 ||    18
       Kick              |     1 |     3 |    16 ||    20
       Unarmed           |     1 |       |       ||     1
 Cast: Sting             |    46 |   108 |    23 ||   177
       Poisonous Vapours |    10 |    40 |     3 ||    53
  Use: Potion            |       |       |     1 ||     1
 Stab: Sleeping          |       |       |     2 ||     2
Armor: Robe              |     3 |     2 |    14 ||    19
Dodge: Dodged            |    13 |    52 |    49 ||   114
